SNL (28 & UNDER)
WEST VIRGINIA POWER @ GAINESVILLE GUIDOS
04/22/2023
 
TOP OF THE 1ST
West Virginia Power batting - Pitching for Gainesville Guidos : RHP Pat Wright
Pitching: RHP Pat Wright
Batting: RHB Alfonso Huertas 0-0: Called Strike
0-1: Ground out 4-3 (Groundball, 4M)
Batting: RHB Vicente Torres 0-0: Called Strike
0-1: Ball
1-1: Ground out 4-3 (Groundball, 4)
Batting: RHB Wilson Gonzáles 0-0: Ball
1-0: Ball
2-0: Foul Ball, location: 2F
2-1: Ball
3-1: Base on Balls
Batting: RHB Cristián Herrera 0-0: Ball
1-0: Called Strike
1-1: Swinging Strike
1-2: Foul Ball, location: 2F
1-2: Ball
2-2: Strikes out looking
Top of the 1st over - 0 run(s), 0 hit(s), 0 error(s), 1 left on base; West Virginia 0 - Gainesville 0
BOTTOM OF THE 1ST
Gainesville Guidos batting - Pitching for West Virginia Power : RHP Howard Baker
Pitching: RHP Howard Baker
Batting: RHB Adrian Prouse 0-0: Foul Ball, location: 2F
0-1: Foul Ball, location: 2F
0-2: Strikes out swinging
Batting: RHB Fernando Mendoza 0-0: DOUBLE (Flyball, 78M)
Batting: RHB José Fernández 0-0: Called Strike
0-1: Ball
1-1: Ball
2-1: SINGLE (Line Drive, 6MD)
Fernando Mendoza to third
Batting: LHB Sergio Barrón 0-0: Called Strike
0-1: Foul Ball, location: 2F
0-2: Ball
1-2: Ball
2-2: Ball
3-2: SINGLE (Groundball, 6MD)
Fernando Mendoza scores
José Fernández to second
Batting: RHB Victor Andrews 0-0: Fly out, F8 (Flyball, 8LD)
Runner from 2nd tags up, SAFE at 3rd with throw
Batting: RHB Jason Saunders 0-0: Called Strike
0-1: Called Strike
0-2: Ball
1-2: Ball
2-2: Ball
3-2: Fly out, F8 (Flyball, 8LM)
Bottom of the 1st over - 1 run(s), 3 hit(s), 0 error(s), 2 left on base; West Virginia 0 - Gainesville 1
TOP OF THE 2ND
West Virginia Power batting - Pitching for Gainesville Guidos : RHP Pat Wright
Batting: RHB Rubén Ayala 0-0: Ball
1-0: Ball
2-0: Called Strike
2-1: Ground out 5-3 (Groundball, 5L)
Batting: RHB Raúl Torres 0-0: SINGLE (Groundball, 4M)
Batting: LHB Ernie Jackson 0-0: Foul Ball, location: 2F
0-1: Foul Ball, location: 2F
0-2: Ball
Raúl Torres is caught stealing 2nd base
1-2: Ball
2-2: Ball
3-2: Base on Balls
Batting: LHB Luis Pérez 0-0: Swinging Strike
0-1: Ball
1-1: Called Strike
1-2: Ball
2-2: Ball
3-2: Fly out, F8 (Flyball, 78M)
Top of the 2nd over - 0 run(s), 1 hit(s), 0 error(s), 1 left on base; West Virginia 0 - Gainesville 1
BOTTOM OF THE 2ND
Gainesville Guidos batting - Pitching for West Virginia Power : RHP Howard Baker
Batting: RHB Noriyori Ine 0-0: Called Strike
0-1: Ball
1-1: Ball
2-1: SINGLE (Line Drive, 89S)
Batting: SHB Reynaldo Gallegos 0-0: Called Strike
0-1: Called Strike
Noriyori Ine steals 2nd base
0-2: Ball
1-2: Ball
2-2: Fly out, F9 (Flyball, 89D)
Runner from 2nd tags up, SAFE at 3rd, no throw
Batting: RHB José Ortega 0-0: Ball
1-0: Called Strike
1-1: Ball
2-1: Ball
3-1: Fly out, F8 (Flyball, 8LM)
Runner from 3rd tags up, SCORES, no throw
Batting: RHB Adrian Prouse 0-0: Called Strike
0-1: Called Strike
0-2: Ball
1-2: SINGLE (Line Drive, 3L)
Batting: RHB Fernando Mendoza 0-0: Ball
1-0: Ball
2-0: Swinging Strike
2-1: Ball
3-1: Called Strike
3-2: Strikes out swinging
Bottom of the 2nd over - 1 run(s), 2 hit(s), 0 error(s), 1 left on base; West Virginia 0 - Gainesville 2
TOP OF THE 3RD
West Virginia Power batting - Pitching for Gainesville Guidos : RHP Pat Wright
Batting: RHB Jorge Ramírez 0-0: Ball
1-0: Swinging Strike
1-1: Ball
2-1: Called Strike
2-2: Strikes out swinging
Batting: RHB Alfonso Huertas 0-0: Called Strike
0-1: Swinging Strike
0-2: Ball
1-2: Strikes out swinging
Batting: RHB Vicente Torres 0-0: Called Strike
0-1: Called Strike
0-2: Strikes out swinging
Top of the 3rd over - 0 run(s), 0 hit(s), 0 error(s), 0 left on base; West Virginia 0 - Gainesville 2
BOTTOM OF THE 3RD
Gainesville Guidos batting - Pitching for West Virginia Power : RHP Howard Baker
Batting: RHB José Fernández 0-0: Ball
1-0: Swinging Strike
1-1: SINGLE (Groundball, 6M)
Batting: LHB Sergio Barrón 0-0: Ball
1-0: Called Strike
1-1: Ball
2-1: Called Strike
2-2: SINGLE (Groundball, 25) (infield hit)
José Fernández to second
Batting: RHB Victor Andrews 0-0: Called Strike
0-1: Foul Ball, location: 2F
0-2: Ball
1-2: SINGLE (Flyball, 9LS)
José Fernández to third
Sergio Barrón to second
Batting: RHB Jason Saunders 0-0: Called Strike
0-1: Foul Ball, location: 2F
0-2: Ball
1-2: Foul Ball, location: 2F
1-2: Ball
2-2: Ball
3-2: SINGLE (Groundball, 34D)
José Fernández scores
Sergio Barrón to third
Victor Andrews to second
Runner from 3rd tries for Home, SAFE, throw made home
Victor Andrews to third
Jason Saunders to second
Batting: RHB Noriyori Ine 0-0: Foul Ball, location: 2F
0-1: Foul Ball, location: 2F
0-2: Ball
Wild Pitch!
Victor Andrews scores
Jason Saunders to third
1-2: Strikes out looking
Batting: SHB Reynaldo Gallegos 0-0: Ball
1-0: Ball
2-0: Called Strike
2-1: Foul Ball, location: 2F
2-2: Strikes out swinging
Batting: RHB José Ortega 0-0: Called Strike
0-1: Swinging Strike
0-2: Ball
1-2: Foul Ball, location: 2F
1-2: Fly out, F9 (Line Drive, 9S)
Bottom of the 3rd over - 3 run(s), 4 hit(s), 0 error(s), 1 left on base; West Virginia 0 - Gainesville 5
TOP OF THE 4TH
West Virginia Power batting - Pitching for Gainesville Guidos : RHP Pat Wright
Now at 1B: Ed Hart
Batting: RHB Wilson Gonzáles 0-0: Called Strike
0-1: Fly out, F5 (Popup, 5DF)
Batting: RHB Cristián Herrera 0-0: Swinging Strike
0-1: Ball
1-1: Fly out, F9 (Flyball, 89D)
Batting: RHB Rubén Ayala 0-0: Foul Ball, location: 2F
0-1: Ball
1-1: Ball
2-1: Ball
3-1: Called Strike
3-2: Strikes out swinging
Top of the 4th over - 0 run(s), 0 hit(s), 0 error(s), 0 left on base; West Virginia 0 - Gainesville 5
BOTTOM OF THE 4TH
Gainesville Guidos batting - Pitching for West Virginia Power : RHP Howard Baker
Batting: RHB Adrian Prouse 0-0: Called Strike
0-1: Called Strike
0-2: Foul Ball, location: 2F
0-2: Foul Ball, location: 2F
0-2: Ball
1-2: Foul Ball, location: 2F
1-2: Foul Ball, location: 2F
1-2: Foul Ball, location: 2F
1-2: Ball
2-2: Strikes out swinging
Pitching: RHP Juan Herrera
Batting: RHB Fernando Mendoza 0-0: Fly out, F8 (Flyball, 8LXD)
Batting: RHB José Fernández 0-0: Ball
1-0: Foul Ball, location: 2F
1-1: Ball
2-1: Foul Ball, location: 2F
2-2: SOLO HOME RUN (Flyball, 8LXD), Distance : 424 ft
Batting: LHB Ed Hart 0-0: Foul Ball, location: 2F
0-1: Swinging Strike
0-2: Strikes out swinging
Bottom of the 4th over - 1 run(s), 1 hit(s), 0 error(s), 0 left on base; West Virginia 0 - Gainesville 6
TOP OF THE 5TH
West Virginia Power batting - Pitching for Gainesville Guidos : RHP Pat Wright
Batting: RHB Raúl Torres 0-0: Ground out 5-3 (Groundball, 5)
Batting: LHB Ernie Jackson 0-0: Ball
1-0: Foul Ball, location: 2F
1-1: Ball
2-1: Ball
3-1: Base on Balls
Batting: LHB Luis Pérez 0-0: Ball
1-0: Ball
2-0: Foul Ball, location: 2F
2-1: Ball
Ernie Jackson steals 2nd base
3-1: Base on Balls
Batting: RHB Jorge Ramírez 0-0: Swinging Strike
0-1: Grounds into double play, 6-4-3 (Groundball, 6M)
Top of the 5th over - 0 run(s), 0 hit(s), 0 error(s), 1 left on base; West Virginia 0 - Gainesville 6
BOTTOM OF THE 5TH
Gainesville Guidos batting - Pitching for West Virginia Power : RHP Juan Herrera
Batting: RHB Victor Andrews 0-0: Ball
1-0: Foul Ball, location: 2F
1-1: Ball
2-1: Foul Ball, location: 2F
2-2: SINGLE (Groundball, 6MD)
Batting: RHB Jason Saunders 0-0: Ball
1-0: Foul Ball, location: 2F
1-1: Foul Ball, location: 2F
1-2: Reaches on Catchers interference
Victor Andrews to second
Batting: RHB Noriyori Ine 0-0: Ball
1-0: Swinging Strike
1-1: Ball
2-1: Foul Ball, location: 2F
2-2: SINGLE (Groundball, 25) (infield hit)
Victor Andrews to third
Jason Saunders to second
Batting: SHB Reynaldo Gallegos 0-0: GRAND SLAM HOME RUN (Flyball, 9D), Distance : 364 ft
Pitching: RHP Jorge Gonzáles
Batting: RHB José Ortega 0-0: Called Strike
0-1: Foul Ball, location: 2F
0-2: Foul Ball, location: 2F
0-2: Ball
1-2: Fly out, F9 (Flyball, 9M)
Batting: RHB Adrian Prouse 0-0: Ball
1-0: Ball
2-0: Ball
3-0: Called Strike
3-1: Base on Balls
Batting: RHB Fernando Mendoza 0-0: Ball
Adrian Prouse steals 2nd base
1-0: Ball
Passed Ball!
Adrian Prouse to third
2-0: Called Strike
2-1: Called Strike
2-2: Ball
3-2: Foul Ball, location: 2F
3-2: Base on Balls
Batting: RHB José Fernández 0-0: Ball
1-0: Ball
2-0: Ball
3-0: Called Strike
3-1: Foul Ball, location: 2F
3-2: Foul Ball, location: 2F
3-2: SINGLE (Groundball, 56D)
Adrian Prouse scores
Fernando Mendoza to second
Fernando Mendoza to third
Batting: LHB Ed Hart 0-0: Ball
1-0: Called Strike
1-1: Ball
2-1: Ball
3-1: Base on Balls
José Fernández to second
Batting: RHB Victor Andrews 0-0: Ball
1-0: Ball
2-0: Swinging Strike
2-1: Called Strike
2-2: Ball
3-2: Base on Balls
Fernando Mendoza scores
José Fernández to third
Ed Hart to second
Pitching: RHP Cory Lowe
Batting: RHB Jason Saunders 0-0: Ball
1-0: Swinging Strike
1-1: Ball
2-1: Foul Ball, location: 2F
2-2: Strikes out swinging
Batting: RHB Noriyori Ine 0-0: Called Strike
0-1: Called Strike
0-2: Foul Ball, location: 2F
0-2: SINGLE (Flyball, 78S)
José Fernández scores
Ed Hart to third
Victor Andrews to second
Runner from 3rd tries for Home, SAFE, throw made home
Victor Andrews to third
Noriyori Ine to second
Batting: SHB Reynaldo Gallegos 0-0: Ground out 4-3 (Groundball, 4M)
Bottom of the 5th over - 8 run(s), 5 hit(s), 1 error(s), 2 left on base; West Virginia 0 - Gainesville 14
TOP OF THE 6TH
West Virginia Power batting - Pitching for Gainesville Guidos : RHP Pat Wright
Batting: RHB Alfonso Huertas 0-0: Called Strike
0-1: Called Strike
0-2: Ball
1-2: Ball
2-2: Foul Ball, location: 2F
2-2: Strikes out swinging
Batting: RHB Vicente Torres 0-0: Ground out 5-3 (Groundball, 56)
Batting: RHB Wilson Gonzáles 0-0: Ball
1-0: Ball
2-0: Foul Ball, location: 2F
2-1: Ground out 6-3 (Groundball, 6)
Top of the 6th over - 0 run(s), 0 hit(s), 0 error(s), 0 left on base; West Virginia 0 - Gainesville 14
BOTTOM OF THE 6TH
Gainesville Guidos batting - Pitching for West Virginia Power : RHP Cory Lowe
Pinch Hitting: RHB Kurt Walter 0-0: Ball
1-0: Called Strike
1-1: Called Strike
1-2: Ball
2-2: Ball
3-2: Strikes out swinging
Batting: RHB Adrian Prouse 0-0: SINGLE (Groundball, 56D)
Batting: RHB Fernando Mendoza 0-0: Ball
1-0: Called Strike
1-1: Called Strike
1-2: Foul Ball, location: 2F
1-2: Ball
2-2: Ball
3-2: Base on Balls
Adrian Prouse to second
Batting: RHB José Fernández 0-0: Ball
1-0: Ball
2-0: Foul Ball, location: 2F
2-1: Ball
3-1: Foul Ball, location: 2F
3-2: Base on Balls
Adrian Prouse to third
Fernando Mendoza to second
Batting: LHB Ed Hart 0-0: Ball
1-0: Ball
2-0: Called Strike
2-1: Ball
3-1: Base on Balls
Adrian Prouse scores
Fernando Mendoza to third
José Fernández to second
Batting: RHB Victor Andrews 0-0: Called Strike
0-1: Ball
1-1: Ball
2-1: Called Strike
2-2: Ball
Passed Ball!
Fernando Mendoza scores
José Fernández to third
Ed Hart to second
3-2: Base on Balls
Batting: RHB Jason Saunders 0-0: Ball
1-0: Called Strike
1-1: Foul Ball, location: 2F
1-2: Ball
2-2: GRAND SLAM HOME RUN (Flyball, 78XD), Distance : 406 ft
Batting: RHB Noriyori Ine 0-0: Foul Ball, location: 2F
0-1: Ball
1-1: Foul Ball, location: 2F
1-2: Foul Ball, location: 2F
1-2: Ball
2-2: SINGLE (Line Drive, 9S)
Batting: SHB Reynaldo Gallegos 0-0: Ball
Noriyori Ine steals 2nd base
1-0: Ball
Noriyori Ine steals 3rd base
2-0: Ball
3-0: Called Strike
3-1: Called Strike
3-2: Base on Balls
Batting: RHB Kurt Walter 0-0: Called Strike
Reynaldo Gallegos steals 2nd base
0-1: Foul Ball, location: 2F
0-2: SINGLE (Line Drive, 4MD)
Noriyori Ine scores
Reynaldo Gallegos to third
Runner from 3rd tries for Home, SAFE, no throw or cutoff
Pitching: RHP Mark Sanders
Batting: RHB Adrian Prouse 0-0: Called Strike
0-1: Foul Ball, location: 2F
0-2: Foul Ball, location: 2F
0-2: Ball
1-2: Ball
2-2: Fly out, F9 (Flyball, 89D)
Batting: RHB Fernando Mendoza 0-0: Called Strike
0-1: Called Strike
0-2: Ball
Kurt Walter steals 2nd base
1-2: Ground out 6-3 (Groundball, 6M)
Bottom of the 6th over - 8 run(s), 4 hit(s), 0 error(s), 1 left on base; West Virginia 0 - Gainesville 22
TOP OF THE 7TH
West Virginia Power batting - Pitching for Gainesville Guidos : RHP Pat Wright
Now at 2B: Mark Owens
Batting: RHB Cristián Herrera 0-0: Called Strike
0-1: Foul Ball, location: 2F
0-2: Ball
1-2: Strikes out swinging
Batting: RHB Rubén Ayala 0-0: Ball
1-0: Ground out 4-3 (Groundball, 4MS)
Batting: RHB Raúl Torres 0-0: Called Strike
0-1: Called Strike
0-2: Ground out 1-3 (Groundball, 15S)
Top of the 7th over - 0 run(s), 0 hit(s), 0 error(s), 0 left on base; West Virginia 0 - Gainesville 22
BOTTOM OF THE 7TH
Gainesville Guidos batting - Pitching for West Virginia Power : RHP Mark Sanders
Batting: RHB José Fernández 0-0: Ground out 6-3 (Groundball, 4M)
Batting: LHB Ed Hart 0-0: Ball
1-0: Ball
2-0: Called Strike
2-1: Called Strike
2-2: Foul Ball, location: 2F
2-2: Strikes out swinging
Batting: RHB Victor Andrews 0-0: Ground out 5-3 (Groundball, 5S)
Bottom of the 7th over - 0 run(s), 0 hit(s), 0 error(s), 0 left on base; West Virginia 0 - Gainesville 22
TOP OF THE 8TH
West Virginia Power batting - Pitching for Gainesville Guidos : RHP Pat Wright
Batting: LHB Ernie Jackson 0-0: Called Strike
0-1: SINGLE (Groundball, 34)
Pinch Hitting: RHB Tyler Baker 0-0: Ball
1-0: Called Strike
1-1: Called Strike
1-2: Foul Ball, location: 2F
1-2: Ball
2-2: Foul Ball, location: 2F
2-2: Foul Ball, location: 2F
2-2: Foul Ball, location: 2F
2-2: Strikes out swinging
Pitching: RHP Juan Patino
Batting: RHB Jorge Ramírez 0-0: Foul Ball, location: 2F
0-1: Ball
Wild Pitch!
Ernie Jackson to second
1-1: Ball
2-1: Ball
3-1: Foul Ball, location: 2F
3-2: Foul Ball, location: 2F
3-2: Strikes out swinging
Batting: RHB Alfonso Huertas 0-0: Foul Ball, location: 2F
0-1: Called Strike
0-2: Ball
1-2: Strikes out swinging
Top of the 8th over - 0 run(s), 1 hit(s), 0 error(s), 1 left on base; West Virginia 0 - Gainesville 22
BOTTOM OF THE 8TH
Gainesville Guidos batting - Pitching for West Virginia Power : RHP Mark Sanders
Now in CF: Jesús Ángel
Batting: RHB Jason Saunders 0-0: Ball
1-0: Ball
2-0: Foul Ball, location: 2F
2-1: Foul Ball, location: 2F
2-2: Ball
3-2: Foul Ball, location: 2F
3-2: DOUBLE (Line Drive, 7LM)
Batting: RHB Noriyori Ine 0-0: Called Strike
0-1: Ball
1-1: Foul Ball, location: 2F
1-2: Ball
2-2: Ball
3-2: Base on Balls
Batting: SHB Reynaldo Gallegos 0-0: Sac Bunt - play at first, batter OUT! 2-3
Jason Saunders to third
Noriyori Ine to second
Pinch Hitting: LHB Marcos Villarreal 0-0: SINGLE (Groundball, 4MD)
Jason Saunders scores
Noriyori Ine to third
Runner from 3rd tries for Home, SAFE, no throw or cutoff
Batting: RHB Adrian Prouse 0-0: Ball
1-0: Ball
2-0: DOUBLE (Flyball, 78D)
Marcos Villarreal to third
Batting: RHB Fernando Mendoza 0-0: Called Strike
0-1: Foul Ball, location: 2F
0-2: Ball
1-2: Ground out 6-3 (Groundball, 6)
Marcos Villarreal scores
Adrian Prouse to third
Batting: RHB José Fernández 0-0: Ball
1-0: Foul Ball, location: 2F
1-1: Swinging Strike
1-2: Ball
2-2: SINGLE (Groundball, 5D)
Adrian Prouse scores
Batting: LHB Ed Hart 0-0: Ball
1-0: Ball
2-0: Called Strike
2-1: SINGLE (Groundball, 56D)
José Fernández to second
Batting: RHB Victor Andrews 0-0: Ball
1-0: SINGLE (Groundball, 56D)
José Fernández to third
Ed Hart to second
Runner from 3rd tries for Home, SAFE, throw made home
Batting: RHB Jason Saunders 0-0: Foul Ball, location: 2F
0-1: Ground out 1-3 (Groundball, 13S)
Bottom of the 8th over - 5 run(s), 6 hit(s), 0 error(s), 2 left on base; West Virginia 0 - Gainesville 27
TOP OF THE 9TH
West Virginia Power batting - Pitching for Gainesville Guidos : RHP Juan Patino
Now at 2B: Juan Carlos Alfonzo
Now in CF: Pedro Mata
Batting: RHB Vicente Torres 0-0: Ground out 4-3 (Groundball, 13)
Batting: RHB Wilson Gonzáles 0-0: Ball
1-0: Foul Ball, location: 2F
1-1: Foul Ball, location: 2F
1-2: Foul Ball, location: 2F
1-2: Ground out 6-3 (Groundball, 6M)
Batting: RHB Cristián Herrera 0-0: Ball
1-0: Ball
2-0: Foul Ball, location: 2F
2-1: Ball
3-1: Base on Balls
Batting: RHB Rubén Ayala 0-0: Foul Ball, location: 2F
0-1: Fly out, F6 (Line Drive, 6MD)
Top of the 9th over - 0 run(s), 0 hit(s), 0 error(s), 1 left on base; West Virginia 0 - Gainesville 27
This league is powered by Out of the Park Baseball, the baseball management simulation game for PC, Mac and Linux
Wednesday, December 2nd, 2015 - OOTP Baseball 16.8 Build 38